 Dungeon Crawl Stone Soup version 0.21.1-1-g345015fe64 (webtiles) character file.

702 Loge the Chopper (level 7, -2/61 HPs)
             Began as a Minotaur Berserker on July 15, 2018.
             Was a Priest of Trog.
             Slain by an orc warrior
             ... wielding a +0 great sword
              (13 damage)
             ... on level 5 of the Dungeon.
             The game lasted 00:08:08 (3484 turns).

Loge the Chopper (Minotaur Berserker)               Turns: 3484, Time: 00:08:09

Health: -2/61      AC: 11    Str: 22    XL:     7   Next: 39%
Magic:  6/6        EV:  9    Int:  4    God:    Trog [***...]
Gold:   211        SH:  0    Dex: 11    Spells: 6/6 levels left

rFire    . . .     SeeInvis .   a - +0 hand axe
rCold    . . .     Gourm    .   (no shield)
rNeg     . . .     Faith    .   z - +0 chain mail
rPois    .         Spirit   .   (helmet restricted)
rElec    .         Reflect  .   (no cloak)
rCorr    .         Harm     .   D - +0 pair of gloves
MR       .....                  (no boots)
Stlth    ..........             (no amulet)
HPRegen  0.20/turn              y - ring of loudness (curse)
MPRegen  0.10/turn              (no ring)

@: berserk cooldown, slowed, very slow
A: retaliatory headbutt, horns 2
a: Berserk, Trog's Hand, Burn Spellbooks, Renounce Religion


You were on level 5 of the Dungeon.
You worshipped Trog.
Trog was most pleased with you.
You were very hungry.

You visited 1 branch of the dungeon, and saw 5 of its levels.

You collected 211 gold pieces.

Inventory:

Hand Weapons
 a - a +0 hand axe (weapon)
Missiles
 f - 5 arrows
 g - 111 stones (quivered)
 h - 23 sling bullets
 C - 2 tomahawks
Armour
 z - a +0 chain mail (worn)
 D - a +0 pair of gloves (worn)
 E - a +0 shield
Jewellery
 y - a cursed ring of loudness (left hand)
Wands
 r - a wand of digging (10)
 w - a wand of polymorph (19)
Scrolls
 d - 2 scrolls of enchant armour {unknown}
 i - a scroll of random uselessness {unknown}
 j - a scroll of noise {unknown}
 k - 3 scrolls of amnesia {unknown}
 o - a scroll of fog {unknown}
 p - 2 scrolls of immolation {unknown}
 q - 3 scrolls of identify {unknown}
 s - 4 scrolls of teleportation {unknown}
 t - 3 scrolls of remove curse {unknown}
 u - a scroll of enchant weapon {unknown}
 A - a scroll of fear {unknown}
 B - a scroll of blinking {unknown}
Potions
 b - a potion of flight {unknown}
 e - 2 potions of agility {unknown}
 l - a potion of degeneration {unknown}
 m - 2 potions of heal wounds {unknown}
 n - a potion of curing {unknown}
 v - 3 potions of brilliance {unknown}
 x - 2 potions of lignification {unknown}
Comestibles
 c - 11 rations


   Skills:
 + Level 5.6 Fighting
 * Level 7.2 Axes
 + Level 4.9 Armour
 + Level 4.4 Dodging


You had 6 spell levels left.
You didn't know any spells.

Dungeon Overview and Level Annotations

Branches:
Dungeon (5/15)
 Temple: D:4-7

Altars:
Sif Muna
Xom
Yredelemnul

Annotations:
D:5 Eustachio


Innate Abilities, Weirdness & Mutations

You reflexively headbutt those who attack you in melee.
You have a pair of horns on your head.


Message History

The orc warrior hits you with a great sword!
Eustachio hits you with a rapier.
You closely miss Eustachio.
Eustachio is moderately wounded.
You hit the orc warrior but do no damage.
The orc warrior hits you but does no damage.
Eustachio hits you but does no damage. Eustachio hits you with a rapier.
The orc warrior hits you but does no damage.
Eustachio hits you but does no damage. x2
Eustachio hits you but does no damage.
The orc warrior hits you with a great sword.
* * * LOW HITPOINT WARNING * * *
Eustachio hits you but does no damage.
The orc warrior hits you with a great sword!
* * * LOW HITPOINT WARNING * * *
Eustachio hits you but does no damage.
There is a stone staircase leading up here.
The orc warrior hits you with a great sword!
You die...

#.# ### #.# #.# #.# #.# #.#
##.#############.#
#####................#
.##............####...######
.......#...@...............#
###.....o@#.####...####.#
#.)..######.# #...# #.# #
###.#.###.....# #...# #.#
#...#...# #.##### #...# #.#
#.......# #.# ########## #.#
#......)###.# #.....# #.#
#..###..#...# #.....# #.#
#..#)#..#.#####.....#######.#
#..###..#.....+.............#


You could see Eustachio and an orc warrior.

Vanquished Creatures
  The ghost of smiqu the Skirmisher, an amateur OgWn (D:3)
  An orc warrior (D:5)
  An ogre (D:4)
  Blork the orc (D:4)
  2 gnoll sergeants (D:5)
  A scorpion (D:4)
  A wight (D:5)
  An orc wizard (D:4)
  An iguana (D:2)
  2 adders
  An ooze (D:3)
  A worm (D:4)
  3 dart slugs
  2 leopard geckos
  6 orcs
  5 bats
  4 giant cockroaches
  8 goblins
  7 hobgoblins
  2 jackals (D:1)
  10 kobolds
  A quokka (D:4)
  4 frilled lizards
  8 rats
74 creatures vanquished.

Notes
Turn   | Place    | Note
-------+----------+-------------------------------------------
     0 | D:1      | Loge the Minotaur Berserker began the quest for the Orb.
     0 | D:1      | Reached XP level 1. HP: 19/19 MP: 0/0
   153 | D:1      | Reached XP level 2. HP: 19/27 MP: 1/1
   155 | D:1      | Reached skill level 4 in Axes
   681 | D:2      | Reached XP level 3. HP: 11/33 MP: 2/2
  1091 | D:2      | Reached ** piety under Trog
  1201 | D:2      | Reached XP level 4. HP: 38/40 MP: 3/3
  1219 | D:2      | Found a shimmering altar of Xom.
  1542 | D:2      | Found a deep blue altar of Sif Muna.
  1801 | D:3      | Noticed smiqu's ghost (amateur OgWn)
  1809 | D:3      | Killed smiqu's ghost
  1809 | D:3      | Reached skill level 5 in Axes
  1809 | D:3      | Reached XP level 5. HP: 47/47 MP: 4/4
  2052 | D:3      | Found a basalt altar of Yredelemnul.
  2339 | D:4      | Noticed an ogre
  2344 | D:4      | Killed an ogre
  2344 | D:4      | Reached skill level 6 in Axes
  2344 | D:4      | Reached XP level 6. HP: 55/55 MP: 5/5
  2453 | D:4      | Reached *** piety under Trog
  2573 | D:4      | Reached skill level 5 in Fighting
  2899 | D:4      | Noticed Blork the orc
  2909 | D:4      | Killed Blork the orc
  2972 | D:5      | Entered Level 5 of the Dungeon
  3022 | D:5      | Reached XP level 7. HP: 61/61 MP: 6/6
  3262 | D:5      | Noticed Eustachio
  3460 | D:5      | Reached skill level 7 in Axes
  3484 | D:5      | Slain by an orc warrior

Skill      XL: |  1  2  3  4  5  6  7 |
---------------+----------------------+-----
Axes           | 4 5 6 7 |  7.2
Fighting       | 4 5 |  5.6
Armour         | 3 4 |  4.9
Dodging        | 3 4 |  4.4

Action                   |  1- 3 |  4- 6 |  7- 9 || total
-------------------------+-------+-------+-------++-------
Melee: Hand axe          |    58 |   104 |    23 ||   185
       Headbutt          |    10 |    23 |     4 ||    37
Invok: Berserk           |     2 |     4 |     1 ||     7
 Stab: Sleeping          |       |     1 |       ||     1
  Eat: Chunk             |     3 |     7 |       ||    10
       Ration            |       |       |     1 ||     1
Armor: Animal skin       |     9 |     2 |       ||    11
       Scale mail        |       |     6 |       ||     6
       Chain mail        |       |    27 |    14 ||    41
Dodge: Dodged            |    36 |    46 |     7 ||    89
